 Dungeon Crawl Stone Soup version 0.30-a0-305-g026cb31310 (webtiles) character file.

Game seed: 10851169785447731743

25 porpoise the Chopper (level 3, 0/31 (37) HPs)
             Began as an Ogre Reaver on Oct 23, 2022.
             Shot with a sling bullet by a goblin (2 damage)
             ... led by Robin
             ... on level 2 of the Dungeon.
             The game lasted 00:03:33 (777 turns).

porpoise the Chopper (Ogre Reaver)                   Turns: 777, Time: 00:03:34

HP:   0/31 (37)     AC:  3    Str: 18    XL:     3   Next: 6%
MP:   5/6           EV:  9    Int: 14    God:
Gold: 66            SH:  0    Dex:  7    Spells: 5/6 levels left

rFire   . . .      SeeInvis .    a - +0 hand axe
rCold   . . .      Faith    .    (no shield)
rNeg    . . .      Spirit   .    b - +0 robe
rPois   .          Reflect  .    (helmet restricted)
rElec   .          Harm     .    (no cloak)
rCorr   .          Rampage  .    (gloves unavailable)
Will    .....                    (boots unavailable)
Stlth   +.........               (no amulet)
HPRegen 0.25/turn                (no ring)
MPRegen 0.10/turn                (no ring)

@: heavily drained
A: large, unfitting armour, tough skin 1
a: no special abilities


You were on level 2 of the Dungeon.
You visited 1 branch of the dungeon, and saw 2 of its levels.

You collected 66 gold pieces.

Inventory:

Hand Weapons
 a - a +0 hand axe (weapon)
Armour
 b - a +0 robe (worn)
Scrolls
 d - 2 scrolls of identify {unknown}
Potions
 c - a potion of lignification {unknown}
 e - a potion of cancellation {unknown}
 f - a potion of degeneration {unknown}


   Skills:
 + Level 3.4 Fighting
 * Level 3.8 Axes
 - Level 1.7 Dodging
 - Level 2.4 Spellcasting
 - Level 2.6 Conjurations


You had 5 spell levels left.
You knew the following spells:

 Your Spells              Type           Power      Damage    Failure   Level
a - Kiss of Death         Conj/Necr      20%        2d7       13%         1

Your spell library contained the following spells:

 Spells                   Type           Power      Damage    Failure   Level
 Momentum Strike          Conj/Tloc      10%        3d8       21%         2
 Hailstorm                Conj/Ice       5%         3d4       36%         3
 Inner Flame              Hex/Fire       1%         N/A       56%         3
 Cause Fear               Hex            0%         N/A       92%         4
 Discord                  Hex            0%         N/A       100%        8


Dungeon Overview and Level Annotations

Branches:
Dungeon (2/15)

Altars:

Shops:
D:1 *


Innate Abilities, Weirdness & Mutations

You are too large for most types of armour.
You have tough skin. (AC +1)


Message History

You barely miss the hobgoblin.
The hobgoblin is severely wounded.
The hobgoblin misses you.
You hit the hobgoblin but do no damage.
The hobgoblin is severely wounded.
The hobgoblin hits you but does no damage.
You barely miss the hobgoblin.
The hobgoblin is severely wounded.
The hobgoblin hits you.
* * * LOW HITPOINT WARNING * * *
The hobgoblin hits you but does no damage.
You barely miss the hobgoblin.
The hobgoblin is severely wounded.
The hobgoblin hits you but does no damage.
You barely miss the hobgoblin.
The hobgoblin is severely wounded.
The hobgoblin hits you.
* * * LOW HITPOINT WARNING * * *
Casting: Kiss of Death (safe; 13% risk of failure)
Confirm with . or Enter, or press ? or * to list all spells.
Aiming: Kiss of Death (safe; 13% risk of failure)
Press: ? - help, Shift-Dir - straight line, f - hobgoblin
Aim: a hobgoblin (heavily wounded, 100% to hit)
The negative energy hits the hobgoblin!
The hobgoblin is drained!
You kill the hobgoblin!
You feel drained.
A goblin comes into view. It is wielding a +0 dagger.
A hobgoblin comes into view.
The hobgoblin shouts!
You hear a shout! x2
The goblin unwields a +0 dagger.
The goblin wields a +0 sling.
The goblin shoots a sling bullet.
The sling bullet hits you.
* * * LOW HITPOINT WARNING * * *
A goblin comes into view. It is wielding a +0 club.
The goblin shoots a sling bullet.
The sling bullet hits you.
* * * LOW HITPOINT WARNING * * *
You hear a shout!
A goblin comes into view. It is wielding a +0 dagger.
The goblin shouts!
The goblin shoots a sling bullet.
The sling bullet hits you.
You die...

.#..### .....#
#..#.### ###
#..#.#.#
....#..#...###
##...........#
......>.g#.#..#
#####..#.#.#


Sg# #..#@#.# ..# #..#.#.# .?# .....g.. .. ###g###.# . .. ... #.# #.## .. ... .#
You could see a hobgoblin and 2 goblins.

Vanquished Creatures
  An adder (D:2)
  3 endoplasms (D:1)
  3 hobgoblins
  2 jackals (D:1)
  A kobold (D:1)
  A quokka (D:1)
  2 ball pythons (D:1)
  A frilled lizard (D:1)
14 creatures vanquished.

Notes
Turn   | Place    | Note
-------+----------+-------------------------------------------
     0 | D:1      | porpoise the Ogre Reaver began the quest for the Orb.
     0 | D:1      | Reached XP level 1. HP: 22/22 MP: 3/3
   138 | D:1      | Found a faded altar of an unknown god.
   164 | D:1      | Found Periuvvu's Assorted Antiques.
   335 | D:1      | Reached XP level 2. HP: 31/31 MP: 5/5
   762 | D:2      | Reached XP level 3. HP: 17/37 MP: 6/6
   777 | D:2      | Shot with a sling bullet by a goblin

Illustrated notes

Levels and vault maps discovered:
D:1:      evilmike_arrival_home_sweet_home, layout_basic,
          ebering_ecumenical_altar_petrified, serial_shops,
          nicolae_shop_behind_doors, minmay_misc_feat_rows
D:2:      minmay_inner_zag, layout_basic, item_on_display_a, uniq_terence,
          uniq_robin

Skill      XL: |  1 |
---------------+----+-----
Fighting       | 3 |  3.4
Axes           | |  3.8
Dodging        | |  1.7
Spellcasting   | |  2.4
Conjurations   | |  2.6

Action                   || total
-------------------------++-------
Melee: Hand axe          ||    65
       Punch             ||     1
 Cast: Kiss of Death     ||     1
Armor: Robe              ||    17
Dodge: Dodged            ||    22

Table legend: (Time is in decaauts)
 A = Elapsed time spent in this place.
 B = Non-inter-level travel time spent in this place.
 C = Inter-level travel time spent in this place.
 D = Time resting spent in this place.
 E = Time spent auto-exploring this place.
 F = Levels seen in this place.
 G = Mean time per level.
                   A        B        C        D        E       F      G
               +--------+--------+--------+--------+--------+-----+--------+
         Total |    785 |    745 |     40 |    108 |    475 |   2 |  392.5 |
       Dungeon |    785 |    745 |     40 |    108 |    475 |   2 |  392.5 |
               +--------+--------+--------+--------+--------+-----+--------+

Top non-repeatable levels by time:
     D:1: 748 daAuts
     D:2: 36 daAuts
